 Dungeon Crawl Stone Soup version 0.25.0-15-gac7dcb8 (webtiles) character file.

Game seed: 2287652488127419681

3122 sieger the Ducker (level 9, -2/89 HPs)
             Began as a Troll Berserker on June 29, 2020.
             Was a High Priest of Trog.
             Killed from afar by an electric eel (15 damage)
             ... with a bolt of electricity
             ... on level 8 of the Dungeon.
             The game lasted 00:31:40 (5620 turns).

sieger the Ducker (Troll Berserker)                 Turns: 5620, Time: 00:31:41

Health: -2/89      AC: 11    Str: 27    XL:     9   Next: 60%
Magic:  9/9        EV: 17    Int:  3    God:    Trog [*****.]
Gold:   237        SH:  0    Dex: 12    Spells: 8/8 levels left

rFire    + . .     SeeInvis .     - Unarmed
rCold    . . .     Gourm    +   (no shield)
rNeg     . . .     Faith    .   B - +2 robe
rPois    .         Spirit   .   (helmet restricted)
rElec    .         Reflect  .   t - +2 cloak
rCorr    .         Harm     .   (gloves unavailable)
MR       .....                  (boots unavailable)
Stlth    +.........             (no amulet)
HPRegen  0.64/turn              w - ring of protection from fire
MPRegen  0.11/turn              A - +4 ring of evasion

@: no status effects
A: large, unfitting armour, claws 3, fast metabolism 3, gourmand, regeneration
1, shaggy fur 1, tough skin 3
a: Berserk, Trog's Hand, Brothers in Arms, Renounce Religion


You were on level 8 of the Dungeon.
You worshipped Trog.
Trog was extremely pleased with you.
You were very full.

You visited 1 branch of the dungeon, and saw 8 of its levels.
You also visited: Sewer.

You collected 414 gold pieces.
You spent 177 gold pieces at shops.

Inventory:

Hand Weapons
 d - a +0 hunting sling
 l - a +2 short sword of venom
 n - a +0 hand crossbow
 s - a +4 quarterstaff of chaos
 u - a cursed -1 mace
Missiles
 j - 2 curare-tipped darts
 m - 22 poisoned darts
 o - 187 stones (quivered)
 x - 117 bolts
 F - 12 boomerangs
Armour
 t - a +2 cloak (worn)
 B - a +2 robe (worn)
Jewellery
 a - an uncursed ring of flight
 w - a ring of protection from fire (left claw)
 A - a +4 ring of evasion (right claw)
 I - an uncursed ring of magical power
Wands
 z - a wand of polymorph (14)
 D - a wand of iceblast (37)
 K - a wand of digging (3)
Scrolls
 c - a scroll of blinking {unknown}
 e - 5 scrolls of enchant armour
 g - 2 scrolls of magic mapping
 i - a scroll of fog
 y - a scroll of immolation {unknown}
 G - 2 scrolls of remove curse
 L - a scroll of identify
Potions
 f - 9 potions of heal wounds
 h - 6 potions of flight
 k - a potion of magic {unknown}
 p - 2 potions of lignification
 q - a potion of mutation {unknown}
 r - a potion of stabbing {unknown}
 v - 4 potions of curing
 C - 2 potions of haste
 E - a potion of cancellation {unknown}
 J - a potion of might {unknown}
Comestibles
 b - 15 rations
 H - a chunk of flesh


   Skills:
 + Level 5.7 Fighting
 - Level 4.0 Throwing
 - Level 0.3 Armour
 * Level 7.6 Dodging
 + Level 6.9 Unarmed Combat
 + Level 2.0 Evocations


You had 8 spell levels left.
You didn't know any spells.
Your spell library was empty.

Dungeon Overview and Level Annotations

Branches:
Dungeon (8/15)             Temple (0/1) D:5            Lair (0/6) D:8
  Sewer (visited)

Altars:
Cheibriados
Dithmenos
Elyvilon
Hepliaklqana
Kikubaaqudgha
Nemelex Xobeh
Okawaru
Ru
Wu Jian

Shops:
D:5 [


Innate Abilities, Weirdness & Mutations

You are too large for most types of armour.
You have claws for hands.
Your metabolism is lightning-fast.
You like to eat raw meat.
Your natural rate of healing is unusually fast.
You are covered in fur. (AC +1)
You have extremely tough skin. (AC +3)


Message History

The bolt of electricity hits you!
You miss the electric eel.
The electric eel is almost dead.
The electric eel shoots out a bolt of lightning at you!
The bolt of electricity hits the electric eel.
The electric eel completely resists.
The bolt of electricity hits you!
The electric eel shoots out a bolt of lightning at you!
The bolt of electricity hits you!
* * * LOW HITPOINT WARNING * * *
The electric eel shoots out a bolt of lightning at you!
The bolt of electricity misses you.
The electric eel shoots out a bolt of lightning at you!
The bolt of electricity hits you.
* * * LOW HITPOINT WARNING * * *
The electric eel shoots out a bolt of lightning at you!
The bolt of electricity hits you!
* * * LOW HITPOINT WARNING * * *
The electric eel shoots out a bolt of lightning at you!
The bolt of electricity hits you!
You die...

#...≈≈≈....
#...≈≈.≈.>.
#...≈≈≈....
#...≈≈≈.≈..
#...≈≈≈.≈..
#####....≈≈≈≈..
#........≈≈≈≈.≈≈.≈
#.####..≈≈≈≈≈.;≈≈.
#@......;≈≈≈≈.≈≈≈≈
#.####h≈.≈≈.≈.≈≈≈≈
#...>....≈≈.≈.≈≈≈≈
#.####..(.≈.≈.≈≈..
#.# #(...........
#[# #............
#.# ####.##.#.#..
#.#######....# #..
#.......##.### ###


You could see a hound and an electric eel.

Vanquished Creatures
  A troll (D:8)
  A hippogriff (D:7)
  Menkaure (D:4)
  A necrophage (D:6)
  3 orc warriors
  2 ogres
  A phantom (D:4)
  A wolf (D:8)
  A centaur (D:5)
  2 big kobolds (Sewer)
  A gnoll sergeant (D:8)
  3 bullfrogs
  2 wyvern skeletons
  A scorpion (D:4)
  3 wights (D:6)
  2 crimson imps (D:5)
  4 hounds (D:8)
  4 orc priests
  2 jellies
  5 orc wizards
  Crazy Yiuf (D:2)
  A bullfrog skeleton (D:3)
  Ijyb (D:5)
  6 worker ants
  A worker ant zombie (D:6)
  A howler monkey zombie (D:7)
  5 gnolls (D:8)
  14 adders
  6 river rats (D:4)
  3 shadow imps (D:6)
  2 oozes
  5 worms
  3 dart slugs
  3 leopard geckos
  21 orcs
  4 giant cockroaches
  8 goblins
  7 hobgoblins
  4 jackals
  4 quokkas
  2 ball pythons
  10 bats
  6 frilled lizards
  17 kobolds
  A leopard gecko skeleton (D:5)
  A quokka skeleton (D:6)
  15 rats
193 creatures vanquished.

Notes
Turn   | Place    | Note
-------+----------+-------------------------------------------
     0 | D:1      | sieger the Troll Berserker began the quest for the Orb.
     0 | D:1      | Reached XP level 1. HP: 22/22 MP: 0/0
   113 | D:1      | Reached XP level 2. HP: 29/29 MP: 1/1
   491 | D:2      | Found a snail-covered altar of Cheibriados.
   571 | D:2      | Reached XP level 3. HP: 33/36 MP: 2/2
   590 | D:2      | Reached skill level 1 in Throwing
   700 | D:2      | Reached ** piety under Trog
   769 | D:2      | Reached skill level 3 in Dodging
   774 | D:2      | Reached XP level 4. HP: 44/44 MP: 3/3
   923 | D:2      | Found a runed translucent door.
   924 | D:2      | Noticed Crazy Yiuf
   931 | D:2      | Killed Crazy Yiuf
  1143 | D:3      | Reached XP level 5. HP: 51/53 MP: 4/4
  1591 | D:4      | Noticed Menkaure
  1599 | D:4      | Killed Menkaure
  1599 | D:4      | Reached *** piety under Trog
  1599 | D:4      | Reached skill level 4 in Dodging
  1599 | D:4      | Reached XP level 6. HP: 61/61 MP: 5/5
  1690 | D:4      | Found a glowing drain.
  1712 | Sewer    | Entered a sewer
  1894 | Sewer    | Reached XP level 7. HP: 55/68 MP: 6/6
  2056 | Sewer    | Reached **** piety under Trog
  2326 | D:4      | Reached skill level 5 in Dodging
  2329 | D:4      | Reached skill level 5 in Unarmed Combat
  2835 | D:5      | Entered Level 5 of the Dungeon
  2840 | D:5      | Reached XP level 8. HP: 78/78 MP: 7/7
  3004 | D:5      | Found Touluas's Armour Emporium.
  3008 | D:5      | Bought a +2 robe for 177 gold pieces
  3253 | D:5      | Found a staircase to the Ecumenical Temple.
  3406 | D:5      | Noticed Ijyb
  3413 | D:5      | Killed Ijyb
  3561 | D:5      | Found a sparkling altar of Nemelex Xobeh.
  3749 | D:6      | Found a shadowy altar of Dithmenos.
  3823 | D:6      | Reached skill level 6 in Dodging
  4068 | D:6      | Reached skill level 5 in Fighting
  4388 | D:7      | Noticed a hippogriff
  4393 | D:7      | Killed a hippogriff
  4393 | D:7      | Reached XP level 9. HP: 83/88 MP: 8/8
  4547 | D:7      | Reached skill level 7 in Dodging
  4579 | D:7      | Reached skill level 1 in Evocations
  5209 | D:7      | Found Atton's Antique Weapon Boutique.
  5398 | D:8      | Found an ornate altar of the Wu Jian Council.
  5398 | D:8      | Found a sacrificial altar of Ru.
  5398 | D:8      | Found an iron altar of Okawaru.
  5398 | D:8      | Found a hazy altar of Hepliaklqana.
  5420 | D:8      | Found an ancient bone altar of Kikubaaqudgha.
  5420 | D:8      | Found a white marble altar of Elyvilon.
  5456 | D:8      | Noticed a troll
  5468 | D:8      | Killed a troll
  5468 | D:8      | Reached ***** piety under Trog
  5607 | D:8      | Found a staircase to the Lair.
  5620 | D:8      | Killed from afar by an electric eel

Illustrated notes

Levels and vault maps discovered:
D:1:      saegor_arrival_simple_d, layout_rooms
D:2:      layout_rooms, kennysheep_slug_shrine, first_ration,
          minmay_misc_feat_doors, uniq_crazy_yiuf_cottage
D:3:      layout_rooms
D:4:      layout_loops_ring, lightli_sewer_entry_pipes, serial_bayou_pond_e,
          uniq_menkaure
D:5:      layout_basic, kennysheep_mini_moat, minmay_temple_entry_fiery,
          serial_shops, shop, uniq_ijyb
D:6:      layout_rooms, basic_altar
D:7:      layout_loops_corners, serial_shops, shop
D:8:      layout_basic, minmay_overflow_temple_hex, erik_lair_island

Skill      XL: |  1  2  3  4  5  6  7  8  9 |
---------------+----------------------------+-----
Throwing       | 1 2 3 4 |  4.0
Dodging        | 3 4 5 6 7 |  7.6
Fighting       | 3 4 5 |  5.7
Unarmed Combat | 4 5 6 |  6.9
Evocations     | 2 |  2.0
Armour         | |  0.3

Action                   |  1- 3 |  4- 6 |  7- 9 || total
-------------------------+-------+-------+-------++-------
Melee: Unarmed           |    86 |   160 |   338 ||   584
       Punch             |       |       |    10 ||    10
Throw: Stone             |       |       |     9 ||     9
Invok: Berserk           |       |     3 |     4 ||     7
       Trog's Hand       |       |       |     1 ||     1
  Use: Scroll            |       |     9 |     8 ||    17
 Stab: Sleeping          |       |     2 |     1 ||     3
       Distracted        |       |       |     1 ||     1
  Eat: Chunk             |    13 |    13 |    39 ||    65
Armor: Animal skin       |    39 |    62 |    49 ||   150
       Robe              |       |       |   100 ||   100
Dodge: Dodged            |    60 |    79 |   351 ||   490
